 Dungeon Crawl Stone Soup version 0.21-a0-504-g2eda330 (webtiles) character file.

9205 vineage the Severer (level 11, -2/99 (100) HPs)
             Began as a Minotaur Fighter on Nov 26, 2017.
             Was a High Priest of Okawaru.
             Slain by Snorg (14 damage)
             ... on level 10 of the Dungeon.
             The game lasted 00:16:04 (8403 turns).

vineage the Severer (Minotaur Fighter)              Turns: 8403, Time: 00:16:04

HP:   -2/99 (100)   AC: 11    Str: 28    XL:     11   Next: 20%
MP:   9/11          EV: 22    Int:  5    God:    Okawaru [*****.]
Gold: 604           SH:  0    Dex: 14    Spells: 10/10 levels left

rFire    + . .     SeeInvis .   j - +1 battleaxe of Jiuref {freeze, *Slow rF+ rN++ Dex+3}
rCold    . . .     Gourm    .   (shield currently unavailable)
rNeg     + + .     Faith    .   b - +0 scale mail
rPois    .         Spirit   .   (helmet restricted)
rElec    .         Reflect  .   (no cloak)
rCorr    .         Harm     .   t - +2 pair of gloves
MR       .....     Rnd*Rage +   (no boots)
Stlth    ++........             (no amulet)
HPRegen  0.26/turn              D - +3 ring of strength
MPRegen  0.12/turn              G - ring of Phasing {EV+8}

@: heroism
A: retaliatory headbutt, horns 2, agile 1, berserk 1
a: Heroism, Finesse, Renounce Religion


You were on level 10 of the Dungeon.
You worshipped Okawaru.
Okawaru was extremely pleased with you.
You were hungry.

You visited 2 branches of the dungeon, and saw 11 of its levels.

You collected 604 gold pieces.

Inventory:

Hand Weapons
 a - a +0 war axe
 j - the +1 battleaxe of Jiuref (weapon) {freeze, *Slow rF+ rN++ Dex+3}
   (Okawaru gifted it to you on level 9 of the Dungeon)

   It has been specially enchanted to freeze those struck by it, causing extra
   injury to most foes and up to half again as much damage against particularly
   susceptible opponents.
   It can also slow down cold-blooded creatures.
   It affects your dexterity (+3).
   It protects you from fire.
   It greatly protects you from negative energy.
   It may slow you when you take damage.
 k - a +1 war axe
Armour
 b - a +0 scale mail (worn)
 c - a +2 shield
 t - a +2 pair of gloves (worn)
Jewellery
 n - an uncursed amulet of guardian spirit
 D - a +3 ring of strength (left hand)
 E - an uncursed ring of fire
 F - an uncursed ring of protection from magic
 G - the ring of Phasing (right hand) {EV+8}
   (You found it on level 7 of the Dungeon)

   [ring of evasion]

   It affects your evasion (+8).
 H - an uncursed ring of ice
Wands
 h - a wand of digging (19)
 r - a wand of polymorph (21)
 u - a wand of clouds (7)
 z - a wand of flame (17)
 B - a wand of iceblast (21)
Scrolls
 e - a scroll of fog
 g - a scroll of magic mapping
 l - 2 scrolls of enchant weapon
 m - a scroll of fear
 o - 2 scrolls of remove curse
 p - a scroll of identify
Potions
 d - 2 potions of ambrosia
 q - a potion of magic {unknown}
 s - a potion of invisibility
 v - a potion of might
 A - 2 potions of degeneration
 C - 2 potions of resistance {unknown}
Comestibles
 f - 6 bread rations
 i - 28 fruits
 w - 3 meat rations
 x - 6 royal jellies


   Skills:
 + Level 10.2(15.2) Fighting
 * Level 17.1(22.1) Axes
 + Level 4.1(9.1) Armour
 + Level 0.8(5.8) Dodging
 - Level 3.6(8.6) Shields
 + Level 2.0 Invocations


You had 10 spell levels left.
You didn't know any spells.

Dungeon Overview and Level Annotations

Branches:
Dungeon (10/15)            Temple (1/1) D:4             Orc (0/2) D:9
   Lair: D:8-11

Altars:
Ashenzari
Dithmenos
Elyvilon
Gozag
Hepliaklqana
Kikubaaqudgha
Makhleb
Nemelex Xobeh
Okawaru
Ru
Sif Muna
Uskayaw
Vehumet
Wu Jian
Xom
Yredelemnul
Zin
The Shining One

Shops:
D:7 %   D:9 *

Annotations:
D:10 Snorg


Innate Abilities, Weirdness & Mutations

You reflexively headbutt those who attack you in melee.
You have a pair of horns on your head.
You are agile. (Dex +2)
You tend to lose your temper in combat.


Message History

Snorg bites you! Snorg completely misses you. Snorg claws you!!
You slash Snorg! You freeze Snorg.
Snorg is severely wounded.
Snorg bites you!
Snorg closely misses you. x2; Snorg bites you!!
Snorg claws you!
* * * LOW HITPOINT WARNING * * *
Snorg barely misses you.
You are too injured to fight recklessly!
Okay, then.
As you read the scroll of fear, it crumbles to dust.
You assume a fearsome visage.
Snorg bites you!
* * * LOW HITPOINT WARNING * * *
Snorg misses you. Snorg completely misses you.
Okay, then.
Okay, then.
You gain the combat prowess of a mighty hero.
Snorg bites you.
* * * LOW HITPOINT WARNING * * *
Snorg misses you. Snorg claws you!
You die...

.##
##..........#
##
###........# #
##......# ## #
###....####$.#
##.........#
#.......#.
##.....###
#......#
#.....@#
#.......T..#
#......?....#
........######
## .......##
.............#
.............
.............
.............#


You could see Snorg (berserk).

Vanquished Creatures
  Erolcha (D:9)
  Fannar (D:10)
  A two-headed ogre (D:8)
  The ghost of tof the Carver, a novice DsBe of Trog (D:9)
  The ghost of tof the Cruncher, a novice DsGl of Wu Jian (D:8)
  Maurice (D:10)
  The ghost of Mitsuki the Arsonist, a novice DEFE (D:5)
  A centaur skeleton (D:8)
  2 trolls (D:9)
  A hornet (D:7)
  3 yaks (D:9)
  Grum (D:9)
  A water moccasin (D:9)
  Duvessa (D:5)
  2 ice beasts
  4 orc warriors
  4 ogres
  2 sky beasts
  A necrophage (D:9)
  A phantom (D:8)
  4 wolves (D:9)
  The ghost of sagitran the Chiller, an amateur BaIE (D:3)
  A centaur (D:9)
  2 big kobolds
  4 bullfrogs
  Dowan (D:5)
  A wyvern skeleton (D:7)
  2 scorpions (D:9)
  6 wights
  2 howler monkeys (D:9)
  5 crimson imps
  A quasit (D:9)
  A centaur zombie (D:10)
  4 hounds
  3 jellies
  6 orc priests
  A bullfrog skeleton (D:5)
  3 iguanas
  5 orc wizards
  3 worker ants
  A hound zombie (D:7)
  2 hound skeletons
  6 adders
  2 shadow imps
  A white imp (D:4)
  An ooze (D:3)
  An adder zombie (D:5)
  2 adder skeletons
  4 worms
  4 dart slugs
  4 leopard geckos
  29 orcs
  7 giant cockroaches
  8 goblins
  8 hobgoblins
  2 jackals (D:1)
  10 kobolds
  2 quokkas
  4 bats
  3 frilled lizards
  A giant cockroach zombie (D:6)
  2 leopard gecko skeletons (D:4)
  3 rats
194 creatures vanquished.

Vanquished Creatures (others)
  An orc (D:10)
1 creature vanquished.

Grand Total: 195 creatures vanquished

Notes
Turn   | Place    | Note
-------+----------+-------------------------------------------
     0 | D:1      | vineage the Minotaur Fighter began the quest for the Orb.
     0 | D:1      | Reached XP level 1. HP: 19/19 MP: 0/0
    60 | D:1      | Reached XP level 2. HP: 22/27 MP: 1/1
   120 | D:1      | Reached skill level 3 in Axes
   582 | D:2      | Reached XP level 3. HP: 34/34 MP: 2/2
  1230 | D:3      | Reached skill level 4 in Axes
  1247 | D:3      | Noticed sagitran's ghost (amateur BaIE)
  1258 | D:3      | Killed sagitran's ghost
  1258 | D:3      | Reached skill level 5 in Axes
  1258 | D:3      | Reached XP level 4. HP: 27/41 MP: 3/3
  1598 | D:3      | Reached skill level 5 in Fighting
  1598 | D:3      | Reached XP level 5. HP: 48/48 MP: 4/4
  1904 | D:4      | Reached skill level 6 in Axes
  2355 | D:4      | Found a staircase to the Ecumenical Temple.
  2371 | Temple   | Entered the Ecumenical Temple
  2511 | Temple   | Became a worshipper of Warmaster Okawaru
  2612 | D:4      | Reached XP level 6. HP: 45/56 MP: 5/5
  2668 | D:4      | Reached skill level 7 in Axes
  3139 | D:5      | Entered Level 5 of the Dungeon
  3248 | D:5      | Noticed Mitsuki's ghost (novice DEFE)
  3255 | D:5      | Killed Mitsuki's ghost
  3255 | D:5      | Reached * piety under Okawaru
  3255 | D:5      | Reached skill level 9 in Axes
  3255 | D:5      | Reached XP level 7. HP: 54/62 MP: 6/6
  3260 | D:5      | Gained mutation: Your body sometimes deteriorates upon taking damage. [potion of mutation]
  3260 | D:5      | Gained mutation: Your flesh is cold resistant. (rC+) [potion of mutation]
  3260 | D:5      | Gained mutation: You are partially covered in yellow scales. (AC +2) [potion of mutation]
  3261 | D:5      | Lost mutation: Your flesh is cold resistant. (rC+) [potion of mutation]
  3261 | D:5      | Lost mutation: Your body sometimes deteriorates upon taking damage. [potion of mutation]
  3261 | D:5      | Lost mutation: You are partially covered in yellow scales. (AC +2) [potion of mutation]
  3261 | D:5      | Gained mutation: Your spells are a little harder to cast, but a little more powerful. [potion of mutation]
  3261 | D:5      | Gained mutation: You are somewhat resistant to further mutation. [potion of mutation]
  3349 | D:5      | Noticed Dowan
  3350 | D:5      | Noticed Duvessa
  3358 | D:5      | Killed Duvessa
  3360 | D:5      | Killed Dowan
  3360 | D:5      | Reached skill level 10 in Axes
  3446 | D:5      | Found an ancient bone altar of Kikubaaqudgha.
  4012 | D:5      | Reached XP level 8. HP: 68/70 MP: 7/7
  4181 | D:6      | Reached ** piety under Okawaru
  4770 | D:7      | Found Rublas's Food Shop.
  4770 | D:7      | Noticed a hornet
  4780 | D:7      | Reached skill level 11 in Axes
  4782 | D:7      | Paralysed by a hornet for 1 turns
  4787 | D:7      | Killed a hornet
  4993 | D:7      | Reached skill level 12 in Axes
  5146 | D:7      | Found the ring of Phasing {EV+8}
  5260 | D:7      | Reached XP level 9. HP: 71/78 MP: 8/8
  5529 | D:8      | Lost mutation: You are somewhat resistant to further mutation. [potion of mutation]
  5529 | D:8      | Lost mutation: Your spells are a little harder to cast, but a little more powerful. [potion of mutation]
  5529 | D:8      | Gained mutation: You tend to lose your temper in combat. [potion of mutation]
  5529 | D:8      | Gained mutation: You are agile. (Dex +2) [potion of mutation]
  5561 | D:8      | Noticed a two-headed ogre
  5569 | D:8      | Killed a two-headed ogre
  5569 | D:8      | Reached *** piety under Okawaru
  5569 | D:8      | Reached skill level 13 in Axes
  5789 | D:8      | Reached skill level 14 in Axes
  5982 | D:8      | Noticed tof's ghost (novice DsGl)
  6008 | D:8      | Killed tof's ghost
  6008 | D:8      | Reached skill level 1 in Invocations
  6332 | D:8      | Lost intelligence.
  6371 | D:8      | Reached XP level 10. HP: 88/88 MP: 9/9
  6496 | D:9      | Noticed Grum
  6500 | D:9      | Reached skill level 15 in Axes
  6525 | D:9      | Killed Grum
  6942 | D:9      | Found a staircase to the Orcish Mines.
  6975 | D:9      | Reached **** piety under Okawaru
  7001 | D:9      | Noticed tof's ghost (novice DsBe)
  7019 | D:9      | Killed tof's ghost
  7172 | D:9      | Reached skill level 16 in Axes
  7486 | D:9      | Found Varchasup's General Store.
  7545 | D:9      | Noticed Erolcha
  7551 | D:9      | Killed Erolcha
  7551 | D:9      | Received a gift from Okawaru
  7551 | D:9      | Reached ***** piety under Okawaru
  7623 | D:9      | Received a gift from Okawaru
  7626 | D:9      | Got a smoking battleaxe {god gift}
  7632 | D:9      | Identified the +1 battleaxe of Jiuref {freeze, *Slow rF+ rN++ Dex+3} (Okawaru gifted it to you on level 9 of the Dungeon)
  7818 | D:9      | Reached XP level 11. HP: 98/98 MP: 11/11
  7886 | D:10     | Entered Level 10 of the Dungeon
  7886 | D:10     | Noticed Maurice
  7893 | D:10     | Killed Maurice
  7893 | D:10     | Reached skill level 10 in Fighting
  7925 | D:10     | Noticed Fannar
  7940 | D:10     | Killed Fannar
  7940 | D:10     | Reached skill level 17 in Axes
  8397 | D:10     | Noticed Snorg
  8403 | D:10     | Slain by Snorg

Vault maps used:
D:1:      dpeg_arrival_chambers_temple_mockup, hex_medium, minivault_4,
          minmay_misc_feat_doors, hex_intersection
D:2:      minmay_unequal
D:4:      minmay_temple_entry_mist, first_bread, minmay_fire_ice_demons
D:5:      marbit_many_paths, minmay_misc_feat_encased, uniq_duvessa
D:6:      serial_park, kennysheep_generic_room_13
D:7:      serial_shops, nicolae_shop_waterfront
D:8:      blue_anna_alchemist
D:9:      erik_orc_3, serial_shops, shop_statue, uniq_erolcha, uniq_grum
D:10:     basic_altar, uniq_fannar, uniq_snorg, uniq_maurice
Temple:   roderic_octagonal_lattice_temple

Skill      XL: |  1  2  3  4  5  6  7  8  9 10 11 |
---------------+----------------------------------+-----
Fighting       | 4 5 6 8 9 10 | 10.2
Axes           | 3 5 6 9 10 12 14 16 17 | 17.1
Invocations    | 1 2 |  2.0
Armour         | 4 |  4.1
Dodging        | |  0.8
Shields        | |  3.6

Action                   |  1- 3 |  4- 6 |  7- 9 | 10-12 || total
-------------------------+-------+-------+-------+-------++-------
Melee: War axe           |    60 |   126 |   226 |   143 ||   555
       Headbutt          |    11 |    29 |    39 |    25 ||   104
       Battleaxe         |       |       |       |    39 ||    39
Invok: Heroism           |       |       |     5 |     7 ||    12
  Use: Potion            |     1 |     2 |     8 |     8 ||    19
       Scroll            |     1 |       |    18 |     6 ||    25
  Eat: Chunk             |       |     6 |     7 |     5 ||    18
       Royal jelly       |       |     1 |       |       ||     1
       Fruit             |       |       |     2 |     3 ||     5
Armor: Scale mail        |    16 |    55 |    73 |    36 ||   180
       Skin              |       |       |       |    31 ||    31
Dodge: Dodged            |    15 |    34 |    48 |    75 ||   172
Block: Shield            |    33 |    46 |    99 |   100 ||   278

Table legend:
 A = Spawn XP
 B = Non-spawn XP
 C = Spawn XP percentage of total XP
 D = Spawn monster count
 E = Non-spawn monster count
 F = Spawn count percentage of total count
 G = Total turns spent on level
                    A         B        C        D         E        F      G
               +---------+---------+-------+---------+---------+-------+---------
         Total |       0 |   13151 |   0.0 |       0 |     195 |   0.0 |  8403
               +---------+---------+-------+---------+---------+-------+---------
           D:1 |       0 |      40 |   0.0 |       0 |      20 |   0.0 |   566
           D:2 |       0 |      22 |   0.0 |       0 |       7 |   0.0 |   632
           D:3 |       0 |     187 |   0.0 |       0 |      14 |   0.0 |   646
           D:4 |       0 |     246 |   0.0 |       0 |      15 |   0.0 |  1133
           D:5 |       0 |     988 |   0.0 |       0 |      20 |   0.0 |   954
           D:6 |       0 |     307 |   0.0 |       0 |      11 |   0.0 |   627
           D:7 |       0 |    1063 |   0.0 |       0 |      19 |   0.0 |   761
           D:8 |       0 |    2923 |   0.0 |       0 |      15 |   0.0 |   927
           D:9 |       0 |    5701 |   0.0 |       0 |      57 |   0.0 |  1478
          D:10 |       0 |    1674 |   0.0 |       0 |      17 |   0.0 |   517
               +---------+---------+-------+---------+---------+-------+---------
